[Event "ICC tourney 3043 (15 5)"]
[Site "Internet Chess Club"]
[Date "2022.10.30"]
[Round "1"]
[White "LI, MARY:MaryLi-W"]
[Black "WANG, WILLIAM:WilliamWang-W"]
[Result "1-0"]
[ICCResult "Black checkmated"]
[WhiteElo "527"]
[BlackElo "131"]
[Opening "Petrov three knights game"]
[ECO "C26"]
[NIC "VG.04"]
[Time "12:00:22"]
[PlyCount "27"]
[TimeControl "900+5"]

1. e4 e5 2. Nc3 Nf6 3. Nf3 Bc5 4. Nxe5 Nc6 5. Nxc6 bxc6 6. Bc4 d6 7. d3 h6
8. O-O O-O 9. h3 Nh5 10. Qxh5 g6 11. Qxh6 Re8 12. Bg5 Qd7 13. Bf6 Qf5 14.
Qg7# {Black checkmated} 1-0

[Event "ICC tourney 3043 (15 5)"]
[Site "Internet Chess Club"]
[Date "2022.10.30"]
[Round "1"]
[White "CHEUNG,SHARON:SharonCheung-W"]
[Black "SUANYU LI, RYAN:RyanLi-W"]
[Result "1-0"]
[ICCResult "Black checkmated"]
[WhiteElo "801"]
[BlackElo "286"]
[Opening "Giuoco Pianissimo: Italian four knights variation"]
[ECO "C47"]
[NIC "RG.01"]
[Time "12:00:21"]
[PlyCount "37"]
[TimeControl "900+5"]

1. e4 e5 2. Nf3 Nf6 3. Nc3 Nc6 4. Bc4 Bc5 5. d3 Ng4 6. O-O O-O 7. h3 Nf6 8.
Bg5 Be7 9. Nd5 Nxd5 10. Bxe7 Ndxe7 11. c3 d6 12. d4 exd4 13. cxd4 Be6 14. d5
Bd7 15. dxc6 Bxc6 16. Re1 Rc8 17. Ng5 Ng6 18. Qh5 Qf6 19. Qxh7#
{Black checkmated}
1-0

[Event "ICC tourney 3043 (15 5)"]
[Site "Internet Chess Club"]
[Date "2022.10.30"]
[Round "1"]
[White "CHEN, ALEXANDER:AlexanderChen-W"]
[Black "WANG, OLIVER:OliverWang-W"]
[Result "0-1"]
[ICCResult "White checkmated"]
[WhiteElo "395"]
[BlackElo "876"]
[Opening "Ruy Lopez: exchange variation"]
[ECO "C68"]
[NIC "RL.08"]
[Time "11:59:31"]
[PlyCount "38"]
[TimeControl "900+5"]

1. e4 e5 2. Nf3 Nc6 3. Bb5 a6 4. Bxc6 dxc6 5. h3 Bd6 6. d3 Nf6 7. Bg5 O-O 8.
Nc3 h6 9. Bh4 Be6 10. O-O Qe7 11. Re1 Rad8 12. d4 exd4 13. Qxd4 Bh2+ 14.
Kxh2 Rxd4 15. Nxd4 Qd6+ 16. e5 Qxd4 17. g3 Nd5 18. Nxd5 Bxd5 19. c3 Qxf2#
{White checkmated}
0-1

[Event "ICC tourney 3043 (15 5)"]
[Site "Internet Chess Club"]
[Date "2022.10.30"]
[Round "1"]
[White "SHOU, ADRIAN:AdrianShou-W"]
[Black "SHOU, WYATT:WyattShou-W"]
[Result "1-0"]
[ICCResult "Black resigns"]
[WhiteElo "641"]
[BlackElo "203"]
[Opening "Queen's pawn game, Chigorin variation"]
[ECO "D02"]
[NIC "QP.08"]
[Time "11:59:38"]
[PlyCount "61"]
[TimeControl "900+5"]

1. d4 d5 2. Nf3 Nc6 3. Bf4 Nf6 4. e3 Bf5 5. Bd3 Bxd3 6. cxd3 e6 7. Nc3 Bb4
8. Qd2 O-O 9. O-O h6 10. e4 Bxc3 11. Qxc3 Re8 12. e5 Ng4 13. h3 Nxf2 14.
Rxf2 g5 15. Be3 b6 16. Qxc6 Kh8 17. Rc1 Qd7 18. Qxd7 Rad8 19. Qxf7 Rf8 20.
Qxc7 Rc8 21. Qxa7 Ra8 22. Qxb6 Rab8 23. Qxe6 Rfe8 24. Qxh6+ Kg8 25. Bxg5
Rbc8 26. Rxc8 Rxc8 27. Kh2 Rc2 28. Qg6+ Kf8 29. Bh6+ Ke7 30. Ng5 Kd8 31.
Rxc2 {Black resigns} 1-0

[Event "ICC tourney 3043 (15 5)"]
[Site "Internet Chess Club"]
[Date "2022.10.30"]
[Round "1"]
[White "FU, SCOTT:ScottFu-W"]
[Black "TIAN, RICHARD:RichardTian-W"]
[Result "1-0"]
[ICCResult "Black checkmated"]
[WhiteElo "577"]
[BlackElo "138"]
[Opening "Three knights game"]
[ECO "C46"]
[NIC "KP.06"]
[Time "12:00:22"]
[PlyCount "51"]
[TimeControl "900+5"]

1. e4 e5 2. Nf3 Nc6 3. Nc3 Bc5 4. Nxe5 Nxe5 5. d4 Bd6 6. dxe5 Bxe5 7. Bc4
Nf6 8. Bg5 Bxc3+ 9. bxc3 h6 10. Bh4 O-O 11. O-O d6 12. Qd2 d5 13. exd5 Nxd5
14. Bxd8 c6 15. Bxd5 cxd5 16. Qxd5 Bg4 17. h3 Be2 18. Rfe1 Rfxd8 19. Qxb7
Bc4 20. Red1 Rab8 21. Rxd8+ Rxd8 22. Qc7 Rd2 23. Qxc4 Rxc2 24. Qd3 Rb2 25.
Re1 Rxa2 26. Re8# {Black checkmated} 1-0

[Event "ICC tourney 3043 (15 5)"]
[Site "Internet Chess Club"]
[Date "2022.10.30"]
[Round "1"]
[White "YANG, NINA:NinaYang-W"]
[Black "WU, MARCUS:MarcusWu-W"]
[Result "0-1"]
[ICCResult "White checkmated"]
[WhiteElo "121"]
[BlackElo "510"]
[Opening "Three knights game"]
[ECO "C46"]
[NIC "KP.06"]
[Time "12:00:23"]
[PlyCount "44"]
[TimeControl "900+5"]

1. e4 e5 2. Nf3 Nc6 3. Nc3 Bc5 4. Bb5 a6 5. Ba4 Nf6 6. d3 b5 7. Bb3 d6 8.
Bg5 h6 9. Bxf6 Qxf6 10. O-O Be6 11. Bxe6 fxe6 12. d4 exd4 13. Nxd4 Nxd4 14.
Ne2 Nxe2+ 15. Qxe2 O-O 16. e5 dxe5 17. Rfe1 Bxf2+ 18. Kh1 Bxe1 19. Qxe1 Rf7
20. Qe2 Raf8 21. Rf1 Qxf1+ 22. Qxf1 Rxf1# {White checkmated} 0-1

[Event "ICC tourney 3043 (15 5)"]
[Site "Internet Chess Club"]
[Date "2022.10.30"]
[Round "1"]
[White "XING LIU, CLARA:ClaraLiu-W"]
[Black "TIAN, ZIPENG:ZipengTian-W"]
[Result "0-1"]
[ICCResult "White resigns"]
[WhiteElo "279"]
[BlackElo "765"]
[Opening "Scandinavian (center counter) defense"]
[ECO "B01"]
[NIC "VO.17"]
[Time "11:59:52"]
[PlyCount "70"]
[TimeControl "900+5"]

1. e4 d5 2. Nc3 dxe4 3. Nxe4 Bf5 4. Bb5+ c6 5. Bd3 Qd5 6. Nf3 Bxe4 7. Bxe4
Qxe4+ 8. Qe2 Qxe2+ 9. Kxe2 Nd7 10. d3 Ngf6 11. Be3 e6 12. Ke1 Bc5 13. Bxc5
Nxc5 14. Ne5 Nd5 15. c4 Nb4 16. d4 Nc2+ 17. Kd1 Nxa1 18. dxc5 Rd8+ 19. Ke2
Nc2 20. h4 Nd4+ 21. Kd3 Nf3+ 22. Ke3 Nxe5 23. g3 Nxc4+ 24. Ke2 Rd2+ 25. Kf3
Rxb2 26. Rc1 Nd2+ 27. Ke3 Rxa2 28. Rd1 Nc4+ 29. Kf3 Ne5+ 30. Kg2 Ng4 31. Rc1
Nxf2 32. Kf1 Nd3 33. Rc3 Ra1+ 34. Ke2 Nb4 35. Rc4 a5 {White resigns} 0-1

[Event "ICC tourney 3043 (15 5)"]
[Site "Internet Chess Club"]
[Date "2022.10.30"]
[Round "1"]
[White "SEN WANG, ETHAN:EthanWang-W"]
[Black "CHONG, JACK:JackChong-W"]
[Result "0-1"]
[ICCResult "White checkmated"]
[WhiteElo "317"]
[BlackElo "803"]
[Opening "Giuoco Piano"]
[ECO "C50"]
[NIC "IG.02"]
[Time "12:00:20"]
[PlyCount "84"]
[TimeControl "900+5"]

1. e4 e5 2. Nf3 Nc6 3. Bc4 Bc5 4. O-O Nf6 5. Nc3 O-O 6. d3 h6 7. Re1 d6 8.
h3 Re8 9. a3 Be6 10. Bxe6 Rxe6 11. Nd5 Nd4 12. Nxd4 Bxd4 13. Nxf6+ Qxf6 14.
Be3 Bxb2 15. Rb1 Bc3 16. Re2 b6 17. Bd2 Bxd2 18. Rxd2 Qg5 19. Qf3 Qxd2 20.
Qg4 Rf6 21. Rf1 Re8 22. Qg3 Rg6 23. Qf3 Ree6 24. Rd1 Qf4 25. Qxf4 exf4 26.
Re1 f3 27. g3 h5 28. Re3 Ref6 29. Rxf3 Rxf3 30. g4 hxg4 31. hxg4 Rxg4+ 32.
Kf1 Kh7 33. Ke2 Rh3 34. Kd2 Rg2 35. Ke2 Kg6 36. Kf1 Rgh2 37. Ke2 Kg5 38. Kf1
Kf4 39. Ke2 g5 40. Kf1 Kf3 41. Ke1 Rxf2 42. Kd1 Rh1# {White checkmated} 0-1

[Event "ICC tourney 3043 (15 5)"]
[Site "Internet Chess Club"]
[Date "2022.10.30"]
[Round "1"]
[White "YEE, EMMA:EmmaYee-W"]
[Black "YOUJIA CHEN, ROY:RoyChen-W"]
[Result "1-0"]
[ICCResult "Black resigns"]
[WhiteElo "196"]
[BlackElo "628"]
[Opening "Four knights: Spanish variation"]
[ECO "C48"]
[NIC "KP.03"]
[Time "12:00:02"]
[PlyCount "55"]
[TimeControl "900+5"]

1. e4 e5 2. Nf3 Nc6 3. Nc3 Nf6 4. Bb5 d6 5. Bxc6+ bxc6 6. d3 h6 7. Be3 d5 8.
exd5 cxd5 9. Nxe5 d4 10. Nc6 Qd6 11. Ne4 dxe3 12. Nxd6+ Bxd6 13. fxe3 O-O
14. Qd2 Bd7 15. Nd4 c5 16. Nf5 Bxf5 17. O-O-O Nd5 18. Rhf1 Bg4 19. Rde1 f5
20. d4 cxd4 21. exd4 Bf4 22. Rxf4 Nxf4 23. Qxf4 Rae8 24. Rd1 Re4 25. Qd6 Kh7
26. Rd3 Re1+ 27. Kd2 Rc1 28. Kxc1 {Black resigns} 1-0

[Event "ICC tourney 3043 (15 5)"]
[Site "Internet Chess Club"]
[Date "2022.10.30"]
[Round "1"]
[White "MAR, MAXIMUS:MaximusMar-W"]
[Black "DENG, CHUTONG:ChutongDeng-W"]
[Result "1-0"]
[ICCResult "Black checkmated"]
[WhiteElo "859"]
[BlackElo "383"]
[Opening "Two knights defense (Modern bishop's opening)"]
[ECO "C55"]
[NIC "IG.01"]
[Time "12:00:19"]
[PlyCount "71"]
[TimeControl "900+5"]

1. e4 e5 2. Nf3 Nc6 3. Bc4 Nf6 4. d3 h6 5. Nc3 Bc5 6. O-O O-O 7. Be3 Bd4 8.
Bxd4 Nxd4 9. Nxd4 exd4 10. Ne2 d5 11. exd5 Nxd5 12. Nxd4 Be6 13. Qf3 c6 14.
Nf5 Qf6 15. Bxd5 Bxd5 16. Qh3 Be6 17. g4 g6 18. Ne3 h5 19. Qg3 Bxg4 20. Nxg4
hxg4 21. Qxg4 Qf5 22. Qxf5 gxf5 23. Rfe1 Rfe8 24. Kg2 Kh8 25. Kf3 Rad8 26.
Kf4 Rd5 27. Rxe8+ Kg7 28. Re7 Kf6 29. Rxb7 Rd4+ 30. Kf3 Kg5 31. Rxa7 Rf4+
32. Ke3 Kg4 33. Rxf7 Rf3+ 34. Ke2 f4 35. Rg1+ Kh3 36. Rh7# {Black
checkmated} 1-0

[Event "ICC tourney 3043 (15 5)"]
[Site "Internet Chess Club"]
[Date "2022.10.30"]
[Round "1"]
[White "PAN,JUNXI:JunxiPan-W"]
[Black "GENG, EVAN:EvanGeng-W"]
[Result "1-0"]
[ICCResult "Black checkmated"]
[WhiteElo "490"]
[BlackElo "100"]
[Opening "Vienna game"]
[ECO "C26"]
[NIC "VG.02"]
[Time "12:00:06"]
[PlyCount "103"]
[TimeControl "900+5"]

1. e4 e5 2. Nc3 Nf6 3. Bc4 Bc5 4. d3 Nc6 5. a3 O-O 6. f4 Re8 7. Nf3 d6 8.
fxe5 dxe5 9. Bg5 Bg4 10. h3 Bh5 11. Nd5 Be7 12. Nxe7+ Qxe7 13. O-O h6 14.
Bh4 Qc5+ 15. Kh1 Rad8 16. Bxf6 gxf6 17. b4 Qd6 18. Qe1 Bg6 19. Qh4 Kg7 20.
Nh2 Nd4 21. Ng4 Rh8 22. c3 Ne6 23. Qxf6+ Kg8 24. Bxe6 Qxe6 25. Qxd8+ Kg7 26.
Qf6+ Qxf6 27. Nxf6 Kf8 28. Nd7+ Ke7 29. Nxe5 Ke6 30. Nxg6 fxg6 31. d4 c6 32.
Kh2 b5 33. e5 Kd5 34. Rf6 g5 35. Kg3 h5 36. a4 a6 37. axb5 axb5 38. Ra6 h4+
39. Kh2 Kc4 40. Rfxc6+ Kd3 41. e6 Re8 42. Rab6 Re7 43. Rxb5 Ke4 44. Re5+ Kf4
45. b5 g4 46. hxg4 Kxg4 47. b6 Re8 48. b7 Rb8 49. e7 Rxb7 50. e8=Q Kf4 51.
Rf6+ Kg4 52. Qg6# {Black checkmated} 1-0

[Event "ICC tourney 3043 (15 5)"]
[Site "Internet Chess Club"]
[Date "2022.10.30"]
[Round "1"]
[White "ZHAO, JUSTIN:JustinZhao-W"]
[Black "YATYUET LIN, HANNAH:HannahLin-W"]
[Result "1-0"]
[ICCResult "Black checkmated"]
[WhiteElo "808"]
[BlackElo "328"]
[Opening "Giuoco Pianissimo"]
[ECO "C55"]
[NIC "IG.01"]
[Time "12:00:20"]
[PlyCount "57"]
[TimeControl "900+5"]

1. e4 e5 2. Nf3 Nc6 3. Bc4 Nf6 4. d3 Bc5 5. Be3 Bxe3 6. fxe3 h6 7. O-O d6 8.
h3 O-O 9. Nc3 a6 10. Bb3 Re8 11. d4 Qe7 12. Nd5 Nxd5 13. Bxd5 Nb4 14. Bc4
Be6 15. Bxe6 Qxe6 16. d5 Qd7 17. c3 Qb5 18. cxb4 Qxb4 19. Qb3 Qxe4 20. Qxb7
Rec8 21. Qb3 Qxd5 22. Qxd5 c6 23. Qxd6 f6 24. Qe6+ Kh7 25. Nh4 c5 26. Qf7
Rf8 27. Qg6+ Kg8 28. Nf5 Rab8 29. Qxg7# {Black checkmated} 1-0

[Event "ICC tourney 3043 (15 5)"]
[Site "Internet Chess Club"]
[Date "2022.10.30"]
[Round "1"]
[White "GUO LI, EDWARD:EdwardLi-W"]
[Black "TIANYU SONG, RICHARD:RichardSong-W"]
[Result "1-0"]
[ICCResult "Black checkmated"]
[WhiteElo "688"]
[BlackElo "264"]
[Opening "Giuoco Pianissimo: Italian four knights variation"]
[ECO "C55"]
[NIC "IG.01"]
[Time "11:59:44"]
[PlyCount "109"]
[TimeControl "900+5"]

1. e4 e5 2. Nf3 Nc6 3. Bc4 Nf6 4. Nc3 Bc5 5. d3 Ng4 6. O-O O-O 7. Bg5 Be7 8.
Qd2 h6 9. Bxe7 Nxe7 10. h3 Nf6 11. Nxe5 d5 12. exd5 Nexd5 13. Nf3 c6 14.
Nxd5 cxd5 15. Bb3 Be6 16. Nd4 Qd6 17. Nxe6 Qxe6 18. Rfe1 Qd7 19. d4 Rfe8 20.
Re5 Rxe5 21. dxe5 Ne4 22. Qxd5 Qxd5 23. Bxd5 Nd6 24. exd6 Rd8 25. Bxb7 Rxd6
26. Bf3 Rd2 27. Rc1 Rd7 28. c4 Rc7 29. c5 f6 30. c6 f5 31. a4 a5 32. Rc5 g5
33. Rxa5 g4 34. hxg4 fxg4 35. Bd5+ Kf8 36. Kh2 Ke7 37. Ra6 Kd6 38. Kg3 Kxd5
39. Kxg4 Rxc6 40. Rxc6 Kxc6 41. f4 Kd5 42. f5 Ke5 43. a5 Kd6 44. f6 Ke6 45.
a6 Kxf6 46. a7 Kg6 47. a8=Q h5+ 48. Kh4 Kh6 49. Qe4 Kg7 50. Qe6 Kf8 51. Qd7
Kg8 52. Qe7 Kh8 53. Kxh5 Kg8 54. Kg6 Kh8 55. Qg7# {Black checkmated} 1-0

[Event "ICC tourney 3043 (15 5)"]
[Site "Internet Chess Club"]
[Date "2022.10.30"]
[Round "1"]
[White "RUNNAN FAN, LYDIA:LydiaFan-W"]
[Black "PE, KYLE:KylePE-W"]
[Result "0-1"]
[ICCResult "White checkmated"]
[WhiteElo "176"]
[BlackElo "620"]
[Opening "Van't Kruijs opening"]
[ECO "A00"]
[Time "12:06:14"]
[PlyCount "28"]
[TimeControl "900+5"]

1. e3 e5 2. Bb5 c6 3. Ba4 d5 4. Nf3 e4 5. Ne5 Bd6 6. Ng4 Nf6 7. Nxf6+ Qxf6
8. O-O Qh4 9. h3 Bxh3 10. gxh3 Qxh3 11. Re1 Bh2+ 12. Kh1 Bg3+ 13. Kg1 Qh2+
14. Kf1 Qxf2# {White checkmated} 0-1

[Event "ICC tourney 3043 (15 5)"]
[Site "Internet Chess Club"]
[Date "2022.10.30"]
[Round "1"]
[White "LIEN, ISAAC:IsaacLien-W"]
[Black "LIU, CLARK:ClarkLiu-W"]
[Result "1-0"]
[ICCResult "Black checkmated"]
[WhiteElo "683"]
[BlackElo "222"]
[Opening "Scotch gambit"]
[ECO "C44"]
[NIC "SO.06"]
[Time "11:59:58"]
[PlyCount "63"]
[TimeControl "900+5"]

1. e4 e5 2. Nf3 Nc6 3. d4 exd4 4. Bc4 d5 5. exd5 Nb4 6. Qe2+ Be7 7. Nxd4 Nf6
8. Nc3 Nfxd5 9. Bxd5 Nxd5 10. Qb5+ c6 11. Nxc6 bxc6 12. Qxc6+ Qd7 13. Qxa8
Nf4 14. Bxf4 Qe6+ 15. Be3 O-O 16. O-O Bd7 17. Qxa7 Rd8 18. Rfd1 Bh4 19. Rd4
Qf6 20. Rxd7 Rxd7 21. Qxd7 h6 22. g3 Bg5 23. Bxg5 Qxg5 24. Re1 Qd2 25. Qxd2
Kh7 26. Re7 g5 27. Rxf7+ Kg6 28. Qd5 Kh5 29. h3 Kg6 30. Qe6+ Kh5 31. g4+ Kh4
32. Qxh6# {Black checkmated} 1-0

[Event "ICC tourney 3043 (15 5)"]
[Site "Internet Chess Club"]
[Date "2022.10.30"]
[Round "1"]
[White "FAN, RAPHAEL:RaphaelFan-W"]
[Black "RUIYI SONG, EMILY:EmilySong-W"]
[Result "0-1"]
[ICCResult "White checkmated"]
[WhiteElo "267"]
[BlackElo "743"]
[Opening "Four knights: Spanish variation"]
[ECO "C48"]
[NIC "KP.03"]
[Time "12:00:00"]
[PlyCount "66"]
[TimeControl "900+5"]

1. e4 e5 2. Nf3 Nc6 3. Nc3 Nf6 4. Bb5 d6 5. Bxc6+ bxc6 6. d3 Be7 7. Bg5 h6
8. Bxf6 Bxf6 9. O-O O-O 10. h3 Ba6 11. Re1 Rb8 12. b3 d5 13. Qd2 d4 14. Ne2
Re8 15. Qb4 Rxb4 16. a3 Rb5 17. a4 Rc5 18. Ra2 Qb8 19. Rb1 Rxc2 20. Rxc2
Bxd3 21. Nc3 Bxc2 22. Rb2 dxc3 23. Rxc2 Qxb3 24. Rd2 cxd2 25. Nxd2 Qd1+ 26.
Nf1 Rb8 27. a5 Rb1 28. Kh2 Qxf1 29. Kg3 g5 30. Kg4 Qe2+ 31. Kf5 Bg7 32. f3
Qe3 33. a6 Qf4# {White checkmated} 0-1

[Event "ICC tourney 3043 (15 5)"]
[Site "Internet Chess Club"]
[Date "2022.10.30"]
[Round "1"]
[White "YATSHING LIN, JAMES:JamesLin-W"]
[Black "BINGCHEN LI, LUCAS:LucasLi-W"]
[Result "1-0"]
[ICCResult "Black checkmated"]
[WhiteElo "849"]
[BlackElo "358"]
[Opening "Queen's pawn, Mason variation"]
[ECO "D00"]
[NIC "QP.08"]
[Time "11:59:46"]
[PlyCount "55"]
[TimeControl "900+5"]

1. d4 d5 2. Bf4 Bf5 3. e3 Nf6 4. Nf3 e6 5. Bd3 Bxd3 6. cxd3 Bb4+ 7. Nc3 Nc6
8. O-O Bxc3 9. bxc3 Qe7 10. Qb3 O-O-O 11. Rab1 b6 12. Qa4 Qd7 13. c4 dxc4
14. dxc4 Ne4 15. Qc2 f5 16. Ne5 Nxe5 17. Bxe5 Rhg8 18. f3 Nd6 19. c5 bxc5
20. Qxc5 Nb7 21. Qxa7 Qc6 22. Rfc1 Qxc1+ 23. Rxc1 Kd7 24. Rxc7+ Ke8 25. Qxb7
g5 26. Re7+ Kf8 27. Rf7+ Ke8 28. Qe7# {Black checkmated} 1-0

[Event "ICC tourney 3043 (15 5)"]
[Site "Internet Chess Club"]
[Date "2022.10.30"]
[Round "1"]
[White "ZHOU, JERRY:JerryZhou-W"]
[Black "SHAO, LUCAS:LucasShao-W"]
[Result "1-0"]
[ICCResult "Black resigns"]
[WhiteElo "211"]
[BlackElo "645"]
[Opening "Ruy Lopez: old Steinitz defense"]
[ECO "C62"]
[NIC "RL.02"]
[Time "11:59:38"]
[PlyCount "75"]
[TimeControl "900+5"]

1. e4 e5 2. Nf3 Nc6 3. Bb5 d6 4. Bxc6+ bxc6 5. Nc3 Ba6 6. d3 Nf6 7. Bg5 Be7
8. O-O Nd7 9. Bxe7 Qxe7 10. a3 d5 11. exd5 cxd5 12. Nxd5 Qd6 13. c4 O-O 14.
Re1 Rae8 15. h3 c6 16. Nb4 Bc8 17. d4 exd4 18. Rxe8 Rxe8 19. Nxd4 c5 20. Nf5
Qxd1+ 21. Rxd1 cxb4 22. axb4 Nf6 23. Nd6 Rd8 24. c5 Bf5 25. Re1 g6 26. Nb7
Rb8 27. c6 Bc8 28. Nd6 Ba6 29. c7 Ra8 30. Ra1 Bc8 31. b5 Nd5 32. Rc1 a5 33.
Rc6 Kf8 34. b6 Nxb6 35. Rxb6 Ra7 36. Rc6 Ke7 37. Nxc8+ Kd7 38. Nxa7
{Black resigns}
1-0

[Event "ICC tourney 3043 (15 5)"]
[Site "Internet Chess Club"]
[Date "2022.10.30"]
[Round "1"]
[White "HE, ELSA:ElsaHe-W"]
[Black "ZIJIAN SU, OWEN:OwenSu-W"]
[Result "0-1"]
[ICCResult "White checkmated"]
[WhiteElo "103"]
[BlackElo "496"]
[Opening "Van't Kruijs opening"]
[ECO "A00"]
[Time "12:00:00"]
[PlyCount "90"]
[TimeControl "900+5"]

1. e3 e5 2. e4 Nf6 3. Nc3 Bc5 4. Nf3 d6 5. Bb5+ Nc6 6. O-O O-O 7. h3 a6 8.
Bxc6 bxc6 9. d3 h6 10. a3 a5 11. Na4 Bb6 12. Nxb6 cxb6 13. Bd2 Re8 14. Re1
d5 15. exd5 cxd5 16. Nxe5 Nd7 17. Nc6 Rxe1+ 18. Qxe1 Qf8 19. Nxa5 bxa5 20.
Qe3 Bb7 21. Bc3 Qd6 22. Qg3 Qxg3 23. fxg3 Nf6 24. b3 Nh5 25. Be1 d4 26. c4
dxc3 27. Bxc3 Nxg3 28. Re1 Ba6 29. d4 Ne2+ 30. Rxe2 Bxe2 31. d5 Kf8 32. Be5
Ke7 33. Bxg7 h5 34. Bd4 Kd6 35. Be3 Kxd5 36. a4 Bd1 37. b4 axb4 38. h4 b3
39. Bc1 Rc8 40. Ba3 Ra8 41. g3 Rxa4 42. Be7 b2 43. Bf6 b1=Q 44. Be7 Bf3+ 45.
Kh2 Qh1# {White checkmated} 0-1

[Event "ICC tourney 3043 (15 5)"]
[Site "Internet Chess Club"]
[Date "2022.10.30"]
[Round "1"]
[White "CHENHE ZUO, ALEX:AlexZuo-W"]
[Black "XIHAO NING, SEAN:SeanNing-W"]
[Result "1-0"]
[ICCResult "Black checkmated"]
[WhiteElo "894"]
[BlackElo "418"]
[Opening "Old Benoni defense"]
[ECO "A43"]
[NIC "OI.09"]
[Time "11:59:30"]
[PlyCount "95"]
[TimeControl "900+5"]

1. d4 c5 2. Bf4 Nc6 3. e3 Nf6 4. Nf3 g6 5. Nc3 Bg7 6. Bc4 O-O 7. dxc5 b6 8.
cxb6 axb6 9. O-O Nb4 10. a3 Nc6 11. h3 Ba6 12. Bxa6 Rxa6 13. Qe2 Ra8 14.
Rfd1 Ne4 15. Nxe4 Bxb2 16. Rab1 Bxa3 17. Qd2 Nb8 18. Bxb8 Rxb8 19. Qxd7 Qxd7
20. Rxd7 Rfe8 21. Rd3 Bc5 22. Nxc5 bxc5 23. Rxb8 Rxb8 24. Rc3 Rb1+ 25. Kh2
Rb5 26. Nd2 e5 27. Nb3 f5 28. Rxc5 Rxc5 29. Nxc5 e4 30. Kg3 g5 31. f3 h5 32.
fxe4 f4+ 33. exf4 h4+ 34. Kg4 gxf4 35. Kxf4 Kg7 36. e5 Kg6 37. e6 Kf6 38.
Kg4 Ke5 39. e7 Kd5 40. e8=Q Kxc5 41. Qd7 Kc4 42. Qd6 Kc3 43. Qd5 Kxc2 44.
Qd4 Kc1 45. Qf2 Kd1 46. Kf3 Kc1 47. Ke3 Kd1 48. Qd2# {Black checkmated} 1-0

[Event "ICC tourney 3043 (15 5)"]
[Site "Internet Chess Club"]
[Date "2022.10.30"]
[Round "1"]
[White "LIANG, MINGYOU:MingyouLiang-W"]
[Black "IYER, NITIKA:NitikaIyer-W"]
[Result "0-1"]
[ICCResult "White checkmated"]
[WhiteElo "283"]
[BlackElo "787"]
[Opening "Giuoco Pianissimo: Italian four knights variation"]
[ECO "C46"]
[NIC "KP.06"]
[Time "12:00:21"]
[PlyCount "124"]
[TimeControl "900+5"]

1. e4 e5 2. Nf3 Nc6 3. Nc3 Bc5 4. Bc4 Nf6 5. d3 h6 6. O-O O-O 7. Be3 Bb6 8.
Nd5 d6 9. Nxb6 axb6 10. d4 Bg4 11. h3 Bh5 12. dxe5 dxe5 13. Qxd8 Raxd8 14.
c3 Nxe4 15. Bb5 Rfe8 16. Bxc6 bxc6 17. Nxe5 Rxe5 18. f4 Ree8 19. b4 Nxc3 20.
Rfc1 Rxe3 21. Rc2 Bg6 22. Rf2 Ne4 23. Rc2 Nc3 24. Rf2 Nd5 25. f5 Bh7 26. a3
Rde8 27. Rff1 R3e5 28. g4 Re3 29. Kh2 Re2+ 30. Kg3 Ne3 31. Rfe1 Nd5 32. Rxe2
Rxe2 33. Kf3 Re8 34. Rd1 g6 35. fxg6 Bxg6 36. Rc1 Re3+ 37. Kf2 Re6 38. Kg2
Kf8 39. Kf3 Ke7 40. Rc4 Kd7 41. Rd4 Re3+ 42. Kf2 Rxa3 43. b5 Kd6 44. bxc6
Kxc6 45. Rc4+ Kd6 46. Rd4 c5 47. Rc4 b5 48. Rc1 b4 49. Ke2 b3 50. h4 b2 51.
Rd1 b1=Q 52. Rxb1 Bxb1 53. Kd2 c4 54. Kc1 Bh7 55. Kb2 Rb3+ 56. Kc1 Rb1+ 57.
Kd2 c3+ 58. Ke2 c2 59. Kf3 c1=Q 60. g5 Qf4+ 61. Ke2 Rb2+ 62. Ke1 Qc1#
{White checkmated}
0-1

[Event "ICC tourney 3043 (15 5)"]
[Site "Internet Chess Club"]
[Date "2022.10.30"]
[Round "1"]
[White "YEE, SAMANTHA:SamanthaYee-W"]
[Black "XU JIA, BYRON:ByronJia-W"]
[Result "0-1"]
[ICCResult "White checkmated"]
[WhiteElo "453"]
[BlackElo "949"]
[Opening "Three knights game"]
[ECO "C46"]
[NIC "KP.06"]
[Time "11:59:34"]
[PlyCount "130"]
[TimeControl "900+5"]

1. e4 e5 2. Nf3 Nc6 3. Nc3 d6 4. Bc4 Be7 5. d3 Nf6 6. Be3 O-O 7. h3 Be6 8.
Bxe6 fxe6 9. Qd2 d5 10. exd5 exd5 11. Bg5 d4 12. Ne4 Bb4 13. c3 dxc3 14.
bxc3 Nxe4 15. dxe4 Be7 16. Qxd8 Bxd8 17. Bxd8 Raxd8 18. O-O h6 19. Rfb1 b6
20. Re1 Rfe8 21. a4 Na5 22. g4 Nc4 23. Kg2 a6 24. Kg3 g5 25. h4 gxh4+ 26.
Kxh4 Rd6 27. Kg3 Kg7 28. Red1 Ree6 29. Rdb1 Nd2 30. Re1 Rd3 31. Re3 Rxe3 32.
fxe3 Nxe4+ 33. Kg2 c6 34. Rc1 b5 35. axb5 axb5 36. c4 bxc4 37. Rxc4 Ng5 38.
Nxg5 hxg5 39. Kf3 Kf6 40. e4 Rd6 41. Rc3 Ke6 42. Kf2 Kd7 43. Kf3 Rd4 44. Ke3
Kd6 45. Kf3 Kc7 46. Ke3 Kb6 47. Kf3 Kb5 48. Ke3 c5 49. Kf3 Kb4 50. Re3 c4
51. Ke2 c3 52. Rxc3 Kxc3 53. Kf3 Kd2 54. Kf2 Rxe4 55. Kf3 Re1 56. Kf2 e4 57.
Kg2 Kd3 58. Kf2 Ra1 59. Kg2 Kd2 60. Kf2 e3+ 61. Kf3 e2 62. Kg3 e1=Q+ 63. Kf3
Ra3+ 64. Kg2 Qe2+ 65. Kg1 Ra1# {White checkmated} 0-1

[Event "ICC tourney 3043 (15 5)"]
[Site "Internet Chess Club"]
[Date "2022.10.30"]
[Round "1"]
[White "SHANGYUAN TAO, SAM:SamTao-W"]
[Black "HU, DARREN:DarrenHu-W"]
[Result "1-0"]
[ICCResult "Black checkmated"]
[WhiteElo "501"]
[BlackElo "118"]
[Opening "King's pawn game"]
[ECO "C50"]
[NIC "IG.03"]
[Time "12:14:45"]
[PlyCount "45"]
[TimeControl "900+5"]

1. e4 e5 2. Nf3 Nc6 3. Bc4 d6 4. h3 Be6 5. Bb3 Bxb3 6. axb3 d5 7. exd5 Qxd5
8. Nc3 Qd7 9. d3 O-O-O 10. O-O Bc5 11. Re1 Qe6 12. Qe2 Qg6 13. Nxe5 Nxe5 14.
Qxe5 Bb6 15. Qe4 Qxe4 16. Rxe4 Bd4 17. Nb5 Bxb2 18. Bxb2 Nf6 19. Bxf6 gxf6
20. Rxa7 Rhg8 21. Rd4 Rd5 22. Rxd5 Rd8 23. Ra8# {Black checkmated} 1-0

[Event "ICC tourney 3043 (15 5)"]
[Site "Internet Chess Club"]
[Date "2022.10.30"]
[Round "1"]
[White "TIAN, RENA:RenaTian-W"]
[Black "XIA, RYAN:RyanXia-W"]
[Result "0-1"]
[ICCResult "White resigns"]
[WhiteElo "151"]
[BlackElo "586"]
[Opening "Giuoco Piano: four knights variation"]
[ECO "C47"]
[NIC "KP.06"]
[Time "12:00:22"]
[PlyCount "62"]
[TimeControl "900+5"]

1. e4 e5 2. Nf3 Nc6 3. Nc3 Nf6 4. Bc4 Bc5 5. h3 d6 6. O-O Be6 7. d3 h6 8. a3
Bxc4 9. dxc4 O-O 10. b4 Bd4 11. Be3 Bxc3 12. Rb1 Nxe4 13. Qd5 Nf6 14. Qd3
Bd4 15. Bxd4 e4 16. Qe3 exf3 17. Qxf3 Nxd4 18. Qe3 Nf5 19. Qd3 Qd7 20. Rfe1
Rfe8 21. Rxe8+ Rxe8 22. g4 Nh4 23. c5 Nxg4 24. Kf1 Nh2+ 25. Kg1 N4f3+ 26.
Kg2 Ne1+ 27. Kxh2 Nxd3 28. cxd3 dxc5 29. bxc5 Qxd3 30. Rxb7 Re2 31. Rxc7
Rxf2+ {White resigns} 0-1